 Dungeon Crawl Stone Soup version 0.26.1-16-g4e020e15dc (webtiles) character file.

Game seed: 4766697188710777770

64 Mickster the Chopper (level 4, -4/40 HPs)
             Began as a Hill Orc Chaos Knight on Apr 8, 2023.
             Was a Plaything of Xom.
             Slain by Natasha (6 damage)
             ... on level 2 of the Dungeon.
             The game lasted 00:08:59 (1229 turns).

Mickster the Chopper (Hill Orc Chaos Knight)        Turns: 1229, Time: 00:08:59

Health: -4/40      AC:  9    Str: 15    XL:     4   Next: 12%
Magic:  4/4        EV:  5    Int: 12    God:    Xom [..*...]
Gold:   106        SH:  3    Dex: 10    Spells: 3/3 levels left

rFire    . . .     SeeInvis .   a - +0 hand axe (chaos)
rCold    . . .     Faith    .   e - +0 buckler
rNeg     . . .     Spirit   .   l - +0 chain mail
rPois    .         Reflect  .   (no helmet)
rElec    .         Harm     .   (no cloak)
rCorr    .         Rampage  .   f - +0 pair of gloves
Will     .....                  (no boots)
Stlth    ..........             (no amulet)
HPRegen  0.13/turn              (no ring)
MPRegen  0.09/turn              (no ring)

@: no status effects
A: no striking features
a: Renounce Religion


You were on level 2 of the Dungeon.
You worshipped Xom.
You were a toy of Xom.
You visited 1 branch of the dungeon, and saw 2 of its levels.

You collected 106 gold pieces.

Inventory:

Hand Weapons
 a - a +0 hand axe of chaos (weapon)
 i - a +0 short sword
Missiles
 c - 36 stones (quivered)
Armour
 b - a +2 leather armour
 e - a +0 buckler (worn)
 f - a +0 pair of gloves (worn)
 l - a +0 chain mail (worn)
Jewellery
 g - an uncursed amulet of faith {unknown}
Scrolls
 d - a scroll of magic mapping
 j - a scroll of enchant armour {unknown}
Potions
 h - a potion of curing {unknown}
 k - a potion of haste {unknown}


   Skills:
 + Level 4.2 Fighting
 * Level 5.5 Axes
 + Level 0.6 Throwing
 + Level 2.3 Armour
 + Level 0.8 Dodging
 + Level 0.5 Stealth


You had 3 spell levels left.
You didn't know any spells.
Your spell library was empty.

Dungeon Overview and Level Annotations

Branches:
Dungeon (2/15)

Altars:

Annotations:
D:2 Natasha


Message History

Natasha howls an incantation.
Natasha's front paws start to glow.
Natasha claws you.
* * * LOW HITPOINT WARNING * * *
You completely miss Natasha. Natasha claws you.
* * * LOW HITPOINT WARNING * * *
Natasha claws you.
* * * LOW HITPOINT WARNING * * *
You hit Natasha.
Natasha is poisoned.
Natasha is lightly wounded.
Natasha mumbles some strange words.
You barely miss Natasha.
Natasha is moderately wounded.
Natasha claws you but does no damage.
You hit Natasha.
Natasha is heavily wounded.
Your shield and chain mail prevent you from hitting the white imp.
The white imp hits you but does no damage.
Natasha claws you.
You die...

..# #.# .##..## ..# .
...... #.#
..###....##..#
#.......##..# ########
..........#####......#
.####......##.........#
......5@................
#......h...##.........##
####.....#.##.........#
##.......#>........#
#....###.#....#######
#..#............####..
#.#...###.....#.......
..........#...†..#####
.##..............


You could see Natasha (very poisoned) and a white imp (summoned).

Vanquished Creatures
  Natasha (D:2)
  2 oozes (D:2)
  A worm (D:2)
  A dart slug (D:2)
  A bat (D:1)
  A giant cockroach (D:2)
  3 hobgoblins
  A jackal (D:2)
  2 ball pythons
  3 frilled lizards
  2 goblins
  5 kobolds
  5 rats
28 creatures vanquished.

Notes
Turn   | Place    | Note
-------+----------+-------------------------------------------
     0 | D:1      | Mickster the Hill Orc Chaos Knight began the quest for the
                  | Orb.
     0 | D:1      | Reached XP level 1. HP: 19/19 MP: 1/1
   222 | D:1      | Reached XP level 2. HP: 26/27 MP: 2/2
   496 | D:1      | XOM: silly message
   600 | D:2      | XOM: noise
   650 | D:2      | Reached XP level 3. HP: 29/33 MP: 3/3
   720 | D:2      | Reached skill level 5 in Axes
   738 | D:2      | Noticed Natasha
   747 | D:2      | XOM: potion effect (haste)
   752 | D:2      | Killed Natasha
   753 | D:2      | Reached XP level 4. HP: 8/40 MP: 4/4
   804 | D:2      | XOM: divination: detect items
  1181 | D:2      | XOM: potion effect (curing)
  1184 | D:2      | XOM: butterfly on damage
  1220 | D:2      | Noticed Natasha
  1226 | D:2      | HP: 2/40 [Natasha (4)]
  1229 | D:2      | Slain by Natasha

Illustrated notes

Levels and vault maps discovered:
D:1:      minmay_arrival_arboretum_small, layout_loops_cross,
          minmay_pentomino_r2
D:2:      layout_rooms, grunt_temple_overflow_gold_and_silver, hex_intersection,
          ashenzari_altar_1, uniq_natasha, uniq_jessica

Skill      XL: |  1  2  3 |
---------------+----------+-----
Fighting       | 4 |  4.2
Axes           | 5 |  5.5
Throwing       | |  0.6
Armour         | |  2.3
Dodging        | |  0.8
Stealth        | |  0.5

Action                   |  1- 3 |  4- 6 || total
-------------------------+-------+-------++-------
Melee: Hand axe          |    64 |    17 ||    81
Throw: Stone             |     3 |       ||     3
  Use: Scroll            |     3 |       ||     3
       Potion            |     2 |       ||     2
 Stab: Paralysed         |     2 |       ||     2
Armor: Leather armour    |    26 |       ||    26
       Chain mail        |       |     3 ||     3
Dodge: Dodged            |    34 |     5 ||    39
Block: Buckler           |     8 |     3 ||    11
